 Dungeon Crawl Stone Soup version 0.19.4 (console) character file.

334977 Kloppie the Peltast (level 20, -23/187 HPs)
             Began as a Minotaur Fighter on Feb 4, 2017.
             Was the Champion of Elyvilon.
             Hit by a large rock thrown by a stone giant (32 damage)
             ... on level 5 of the Vaults.
             The game lasted 01:10:19 (36274 turns).

Kloppie the Peltast (Minotaur Fighter)             Turns: 36274, Time: 01:10:20

Health: -23/187    AC: 25    Str: 22    XL:     20   Next: 95%
Magic:  27/27      EV: 20    Int:  7    God:    Elyvilon [******]
Gold:   2226       SH: 22    Dex: 18    Spells: 0 memorised, 19 levels left

rFire  + . .     SeeInvis .     a - +0 broad axe (freeze)
rCold  . . .     Gourm    .     P - +2 scale mail {rF+}
rNeg   . . .     Faith    .     M - +0 large shield
rPois  +         Spirit   .     R - +2 hat {MR+}
rElec  .         Reflect  .     w - +2 cloak
rCorr  +         Harm     .     N - +2 pair of gloves
MR     ++...                    K - +2 pair of boots {run}
Stlth  ..........               B - amulet of regeneration
                                S - ring of resist corrosion
                                o - +5 ring of slaying

@: heavily drained, quick
A: retaliatory headbutt, horns 2, clever 1, poison resistance, regeneration 1
a: Lesser Healing, Heal Other, Purification, Greater Healing, Divine Vigour,
Divine Protection, Renounce Religion
}: 2/15 runes: decaying, gossamer


You were on level 5 of the Vaults.
You worshipped Elyvilon.
Elyvilon was exalted by your worship.
You were not hungry.

You visited 7 branches of the dungeon, and saw 37 of its levels.
You also visited: Labyrinth, Ice Cave and Desolation.

You collected 3488 gold pieces.
You spent 1262 gold pieces at shops.

Inventory:

Hand Weapons
 a - a +0 broad axe of freezing (weapon)
 b - a +0 morningstar of protection
 O - a +0 broad axe of freezing
Armour
 w - a +2 cloak (worn)
 K - a +2 pair of boots of running (worn)
 M - a +0 large shield (worn)
 N - a +2 pair of gloves (worn)
 P - a +2 scale mail of fire resistance (worn)
 R - a +2 hat of magic resistance (worn)
Jewellery
 d - the ring "Degiyc" {rF+ MP+9 Dex+3 Stlth+}
   (You found it in the Desolation of Salt)

   [ring of magical power]

   It affects your dexterity (+3).
   It protects you from fire.
   It affects your magic capacity (+9).
   It makes you more stealthy.
 o - a +5 ring of slaying (left hand)
 B - an amulet of regeneration (around neck)
 C - an uncursed ring of protection from cold
 L - the ring of False Pretenses {Ice *Drain rN++ Stlth+}
   (You found it in the Desolation of Salt)

   [ring of ice]

   It enhances your ice magic.
   It makes you vulnerable to fire.
   It protects you from cold.
   It greatly protects you from negative energy.
   It causes draining when unequipped.
   It makes you more stealthy.
 S - a ring of resist corrosion (right hand)
 X - an uncursed ring of flight
Wands
 c - a wand of disintegration (15/24)
 y - a wand of digging (3/24)
 J - a wand of disintegration (13/24)
Scrolls
 e - 17 scrolls of remove curse
 g - 3 scrolls of magic mapping
 l - a scroll of blinking
 m - a scroll of silence
 n - a scroll of fear
 q - 9 scrolls of recharging
 s - 36 scrolls of identify
 F - 6 scrolls of teleportation
 Y - a scroll of fog
Potions
 k - 2 potions of flight
 p - 12 potions of curing
 r - 5 potions of haste
 u - a potion of cancellation
 v - 2 potions of brilliance
 D - 3 potions of resistance
 G - 4 potions of cure mutation
 I - 3 potions of magic
Comestibles
 f - 17 bread rations
 h - 4 chunks of flesh
 i - 11 meat rations
 t - 7 royal jellies
 z - 5 beef jerkies


   Skills:
 - Level 18.0(15.1) Fighting
 - Level 18.0(15.1) Axes
 + Level 18.4(15.5) Armour
 + Level 18.2(15.3) Dodging
 - Level 20.9(17.8) Shields
 - Level 11.8(9.2) Invocations


You had 19 spell levels left.
You didn't know any spells.

Dungeon Overview and Level Annotations

Branches:
Dungeon (15/15)            Temple (1/1) D:5            Lair (6/6) D:10
  Swamp (4/4) Lair:4       Spider (4/4) Lair:2        Slime (0/5) Lair:5
    Orc (2/2) D:12            Elf (0/3) Orc:2        Vaults (5/5) D:13
  Crypt (0/3) Vaults:2     Depths (0/5) D:15

Altars:
Ashenzari
Cheibriados
Dithmenos
Elyvilon
Fedhas
Gozag
Hepliaklqana
Kikubaaqudgha
Makhleb
Nemelex Xobeh
Okawaru
Qazlal
Ru
Sif Muna
Trog
Uskayaw
Vehumet
Xom
Yredelemnul
Zin
The Shining One
Beogh

Shops:
D:4 *   D:14 *   D:15 *   Orc:2 :(??   Vaults:2 [   Vaults:4 }

Portals:
Trove: Vaults:2 (give 5 potions of cure mutation)

Annotations:
Vaults:5 Frederick


Innate Abilities, Weirdness & Mutations

You reflexively headbutt those who attack you in melee.
You have a pair of horns on your head.
Your mind is acute. (Int +2)
Your system is resistant to poisons. (rPois)
Your natural rate of healing is unusually fast.


Message History

The sphinx barely misses you.
A stone giant comes into view.
You see here a large rock.
The stone giant throws a large rock.
You block the large rock.
A deep elf mage comes into view. It is wielding a rapier.
You see here a large rock.
As you read the scroll of teleportation, it crumbles to dust.
You feel strangely unstable. The quicksilver dragon bites you!!
* * * LOW HITPOINT WARNING * * *
You block the quicksilver dragon's attack.
The stone giant throws a large rock.
The large rock hits you!
* * * LOW HITPOINT WARNING * * *
You block the quicksilver dragon's attack.
The quicksilver dragon claws you but does no damage.
The quicksilver dragon breathes dispelling energy at you.
The bolt of dispelling energy hits you!
You feel strangely stable.
* * * LOW HITPOINT WARNING * * *
The stone giant throws a large rock.
The large rock hits you!!
You die...

.. #....#...##.## #. #
#....#.#...[. ....
#....#C..##.##..#
#C#.##.##..# #..........#
#.#e##.##..# #...##%##..#
#.#.##.##..# #(@........#
#D#Q##.##..# # #..
#H..##.##..##.##..# #..
#*#..........)..... #...
#.).##.##..##.##..# #...
#.#.##.##..##.##.
#....#................
.#....#.#.#.#.#.#.#.#.#.#
...................... ..


You could see a quicksilver dragon, a sphinx, 2 stone giants, a tengu reaver, a
deep elf mage and a battlesphere.

Vanquished Creatures
  Margery (Vaults:4)
  A golden dragon (Vaults:5)
  A bone dragon (Vaults:2)
  Jorgrun (Swamp:2)
  A lich (Vaults:3)
  Rupert (D:14)
  A titan (Vaults:4)
  Frances (Swamp:2)
  Agnes (D:14)
  4 thorn hunters
  Donald (Orc:2)
  A shadow dragon (Vaults:5)
  A tengu reaver (Vaults:5)
  A fire giant (Vaults:3)
  A deep elf sorcerer (Vaults:3)
  An orc warlord (Orc:2)
  5 ghost moths
  9 vault wardens
  Louise (Swamp:4)
  2 imperial myrmidons (Desolation)
  7 ironheart preservers
  2 emperor scorpions (Spider:4)
  8 stone giants
  3 very ugly things (Vaults:4)
  8 entropy weavers
  A deep elf demonologist (Vaults:3)
  2 deep elf annihilators
  Nessos (D:14)
  A halazid warlock (Desolation)
  2 spark wasps (Spider:4)
  3 deep elf death magi
  A minotaur (Lab)
  3 ettins
  The ghost of Asagix the Carver, a journeyman DsBe of Trog (D:12)
  2 fire dragons (Vaults:4)
  5 ragged hierophants (Desolation)
  2 crystal guardians
  Josephine (Orc:1)
  8 yaktaur captains
  A great orb of eyes (Vaults:2)
  Harold (D:12)
  31 vault guards
  18 hydras
  A deep elf high priest (Vaults:5)
  6 servants of whispers (Desolation)
  2 rakshasas
  6 peacekeepers (Desolation)
  2 ice dragons (Vaults:2)
  A death knight (D:15)
  2 ghost crabs (Swamp:4)
  5 alligators
  Erica (Orc:1)
  8 ogre magi
  5 centaur warriors
  A catoblepas (Lair:3)
  A deep troll shaman (Vaults:4)
  3 orc high priests (Orc:2)
  A vampire mage (D:15)
  5 deep elf knights
  6 hell knights (Vaults:4)
  Urug (Orc:1)
  Sonja (D:15)
  A shadow wraith (Vaults:4)
  A glowing orange brain (Vaults:1)
  7 deep trolls
  4 unseen horrors
  3 skeletal warriors (D:15)
  8 swamp dragons
  4 flayed ghosts
  5 spriggan druids
  4 hill giants
  A small abomination (Vaults:3)
  A phantasmal warrior (Vaults:5)
  A golden dragon skeleton (D:15)
  3 wizards (Vaults:3)
  4 lindwurms (Lair:3)
  A wolf spider zombie (D:14)
  4 harpies (Vaults:3)
  A mana viper (shapeshifter) (Vaults:5)
  14 ironbrand convokers
  4 necromancers
  7 deep elf archers
  Pikel (D:5)
  A shambling mangrove (Swamp:1)
  18 orc knights
  16 orb spiders
  11 deep elf magi
  42 ugly things
  4 orc sorcerers
  A tengu skeleton (Vaults:3)
  37 wolf spiders
  A frost giant zombie (D:15)
  7 cyclopes
  3 manticores
  11 vault sentinels
  20 elephants
  An ice statue (IceCv)
  2 black mambas
  Maurice (Orc:2)
  3 guardian serpents (Desolation)
  2 torpor snails
  9 spiny frogs
  A spiny frog (shapeshifter) (D:15)
  A gargoyle (D:6)
  6 centaur skeletons
  5 rime drakes
  38 yaktaurs
  15 freezing wraiths
  4 komodo dragons
  A yaktaur zombie (D:15)
  7 demonic crawlers
  2 efreet
  A yaktaur (shapeshifter) (Vaults:1)
  2 kobold demonologists
  A yaktaur skeleton (Vaults:3)
  2 tengu conjurers
  A queen bee (D:7)
  A queen bee (shapeshifter) (Vaults:3)
  2 polar bears (Lair:6)
  29 jumping spiders
  2 meliai (shapeshifter)
  8 trolls
  21 hornets
  12 tyrant leeches
  10 slime creatures
  12 two-headed ogres
  51 saltlings (Desolation)
  26 blink frogs
  Grinder (D:6)
  A deep troll zombie (D:15)
  6 bog bodies
  A minotaur skeleton (Lab)
  A meliai zombie (D:13)
  6 hippogriffs
  Sigmund (D:5)
  71 redbacks
  An ettin skeleton (Vaults:3)
  A shadow (D:12)
  18 spriggans
  31 tarantellas
  7 wraiths
  2 wyverns
  35 yaks
  5 basilisks
  5 hungry ghosts
  Grum (Lair:1)
  A steam dragon (shapeshifter) (Vaults:5)
  A steam dragon (D:12)
  10 vampire mosquitoes
  A yaktaur simulacrum (Vaults:1)
  A death yak simulacrum (IceCv)
  A mottled dragon (Vaults:2)
  13 insubstantial wisps
  8 wargs
  7 water moccasins
  14 swamp worms
  4 porcupines
  An eye of draining (shapeshifter) (Vaults:4)
  A slave (D:5)
  17 swamp drakes
  An alligator simulacrum (IceCv)
  24 ice beasts
  38 orc warriors
  5 black bears
  5 sky beasts
  27 ogres
  9 boggarts
  A necrophage (D:15)
  3 phantoms
  34 wolves
  16 centaurs
  15 crocodiles
  20 big kobolds
  A human zombie (Vaults:3)
  23 bullfrogs
  2 wyvern skeletons
  5 scorpions
  33 killer bees
  An elephant simulacrum (IceCv)
  4 human simulacra
  12 wights
  2 howler monkeys (D:9)
  5 electric eels
  2 centaur zombies
  2 crimson imps
  2 quasits
  A jelly (shapeshifter) (Vaults:5)
  A draconian simulacrum (IceCv)
  2 jellies
  4 bullfrog zombies
  2 gnoll shamans
  21 orc priests
  8 hounds
  Terence (D:2)
  3 iguanas
  16 orc wizards
  2 spriggan simulacra (IceCv)
  4 troll simulacra (IceCv)
  9 worker ants
  A wolf simulacrum (IceCv)
  5 centaur simulacra (IceCv)
  3 hound skeletons
  2 worker ant zombies (D:10)
  11 gnolls
  12 adders
  7 naga simulacra (IceCv)
  An ogre simulacrum (IceCv)
  2 shadow imps
  12 white imps (IceCv)
  An ooze (D:3)
  An adder zombie (D:5)
  2 adder skeletons
  5 worms
  6 dart slugs
  5 leopard geckos
  80 orcs
  9 bats
  6 giant cockroaches
  9 goblins
  11 hobgoblins
  13 jackals
  32 kobolds
  3 quokkas
  A ball python (D:5)
  A ball python skeleton (D:4)
  3 frilled lizards
  A leopard gecko skeleton (D:8)
  8 rats
  3 briar patches (Swamp:4)
  A crawling corpse (Vaults:3)
  2 fungi
  A plant (Lair:4)
1636 creatures vanquished.

Vanquished Creatures (others)
  A yaktaur (Vaults:4)
  A rime drake (Swamp:4)
  2 saltlings (Desolation)
  A slave (D:5)
  A swamp drake (Swamp:4)
  An orc wizard (D:10)
  A leopard gecko (D:5)
  3 orcs
  A briar patch (Swamp:4)
  6 fungi
  3 plants
21 creatures vanquished.

Grand Total: 1657 creatures vanquished

Notes
Turn   | Place    | Note
-------+----------+-------------------------------------------
     0 | D:1      | Kloppie the Minotaur Fighter began the quest for the Orb.
     0 | D:1      | Reached XP level 1. HP: 19/19 MP: 0/0
    71 | D:1      | Reached XP level 2. HP: 12/27 MP: 1/1
   465 | D:1      | Reached XP level 3. HP: 27/34 MP: 2/2
   817 | D:2      | Reached skill level 5 in Fighting
   883 | D:2      | Found a snail-covered altar of Cheibriados.
   995 | D:2      | Reached XP level 4. HP: 39/42 MP: 3/3
   996 | D:2      | Noticed Terence
  1002 | D:2      | Killed Terence
  1323 | D:2      | Reached XP level 5. HP: 25/50 MP: 4/4
  2684 | D:3      | Reached skill level 5 in Axes
  2684 | D:3      | Reached XP level 6. HP: 60/60 MP: 5/5
  3285 | D:4      | Found Bocuek's Assorted Antiques.
  3293 | D:4      | Bought a scroll labeled CAISANG FATUNI for 24 gold pieces
  3293 | D:4      | Bought a scroll labeled XUR FISUAGAIDE for 24 gold pieces
  3293 | D:4      | Bought a scroll labeled CAISANG FATUNI for 24 gold pieces
  3293 | D:4      | Bought a brown potion for 21 gold pieces
  3293 | D:4      | Bought a bubbling emerald potion for 21 gold pieces
  3429 | D:4      | Reached XP level 7. HP: 68/68 MP: 6/6
  3692 | D:5      | Entered Level 5 of the Dungeon
  3824 | D:5      | Noticed Sigmund
  3842 | D:5      | Killed Sigmund
  3967 | D:5      | Noticed Pikel
  3967 | D:5      | Reached XP level 8. HP: 79/79 MP: 7/7
  3993 | D:5      | Killed Pikel
  3993 | D:5      | Reached skill level 10 in Fighting
  4188 | D:5      | Found a staircase to the Ecumenical Temple.
  4197 | Temple   | Entered the Ecumenical Temple
  4563 | Temple   | Became a worshipper of Elyvilon the Healer
  5020 | D:6      | Reached * piety under Elyvilon
  5035 | D:6      | Reached skill level 4 in Shields
  5052 | D:6      | Reached XP level 9. HP: 46/89 MP: 8/8
  5061 | D:6      | Noticed Grinder
  5079 | D:6      | Paralysed by Grinder for 4 turns
  5085 | D:6      | Killed Grinder
  5085 | D:6      | Reached skill level 5 in Shields
  5198 | D:6      | Found an ancient bone altar of Kikubaaqudgha.
  5205 | D:6      | Reached skill level 6 in Shields
  5253 | D:6      | Found an iron altar of Okawaru.
  5276 | D:6      | Found a glowing silver altar of Zin.
  5278 | D:6      | Found a snail-covered altar of Cheibriados.
  5281 | D:6      | Found a glowing golden altar of the Shining One.
  5403 | D:6      | Noticed a gargoyle
  5413 | D:6      | Killed a gargoyle
  5532 | D:7      | Reached skill level 7 in Shields
  5565 | D:7      | Found a shadowy altar of Dithmenos.
  5681 | D:7      | Reached ** piety under Elyvilon
  6101 | D:8      | Reached skill level 1 in Dodging
  6299 | D:8      | Reached skill level 5 in Armour
  6313 | D:8      | Noticed a queen bee
  6464 | D:7      | Killed a queen bee
  6495 | D:7      | Reached XP level 10. HP: 46/96 MP: 9/9
  7265 | D:8      | Reached skill level 5 in Dodging
  7351 | D:8      | Found a shattered altar of Ashenzari.
  7540 | D:8      | Reached *** piety under Elyvilon
  7936 | D:9      | Reached skill level 10 in Armour
  8095 | D:9      | You fall through a shaft!
  8095 | D:10     | Entered Level 10 of the Dungeon
  8271 | D:9      | Reached skill level 10 in Axes
  8308 | D:9      | Found a sparkling altar of Nemelex Xobeh.
  8367 | D:9      | Reached XP level 11. HP: 97/104 MP: 10/10
  8562 | D:9      | Found a bloodstained altar of Trog.
  8639 | D:9      | Reached **** piety under Elyvilon
  8910 | D:10     | Found a staircase to the Lair.
  9085 | D:10     | Noticed a hill giant
  9104 | D:10     | Killed a hill giant
  9222 | D:10     | Noticed a hill giant
  9228 | D:10     | Killed a hill giant
  9543 | Lair:1   | Entered Level 1 of the Lair of Beasts
  9558 | Lair:1   | Reached ***** piety under Elyvilon
  9853 | Lair:1   | Noticed Grum
  9880 | Lair:1   | Killed Grum
 10702 | Lair:2   | Found a hole to the Spider Nest.
 10702 | Lair:2   | Noticed an orb spider
 10720 | Lair:2   | Killed an orb spider
 10926 | Lair:2   | Reached XP level 12. HP: 47/113 MP: 11/11
 11637 | Lair:2   | Reached skill level 15 in Axes
 11988 | Lair:3   | Noticed a catoblepas
 12007 | Lair:3   | Killed a catoblepas
 12274 | Lair:3   | Reached skill level 8 in Shields
 12441 | Lair:3   | Reached ****** piety under Elyvilon
 12565 | Lair:3   | Reached skill level 9 in Shields
 12986 | Lair:4   | Reached skill level 10 in Shields
 13440 | Lair:4   | Found a staircase to the Swamp.
 13834 | Lair:5   | Noticed a four-headed hydra
 13852 | Lair:5   | Killed a four-headed hydra
 13852 | Lair:5   | Reached skill level 11 in Shields
 13875 | Lair:5   | Reached XP level 13. HP: 89/119 MP: 12/12
 13967 | Lair:5   | Reached skill level 12 in Shields
 14096 | Lair:5   | Found a frozen archway.
 14123 | IceCv    | Entered an ice cave
 14135 | IceCv    | Reached skill level 13 in Shields
 14487 | IceCv    | Found an ancient bone altar of Kikubaaqudgha.
 14636 | IceCv    | Reached skill level 14 in Shields
 15206 | Lair:5   | Gained mutation: Your system is resistant to poisons. (rPois) [potion of mutation]
 15206 | Lair:5   | Gained mutation: Your natural rate of healing is unusually fast. [potion of mutation]
 15206 | Lair:5   | Gained mutation: Your mind is acute. (Int +2) [potion of mutation]
 15455 | Lair:5   | Found a staircase to the Slime Pits.
 15960 | D:11     | Reached skill level 15 in Shields
 16033 | D:12     | Noticed Asagix's ghost (journeyman DsBe)
 16102 | D:12     | Noticed Harold
 16115 | D:12     | Killed Harold
 16153 | D:12     | Killed Asagix's ghost
 16450 | D:12     | Found a staircase to the Orcish Mines.
 16735 | D:13     | Reached XP level 14. HP: 127/127 MP: 13/13
 17190 | D:13     | Found a gate to the Vaults.
 17239 | D:13     | Reached skill level 10 in Dodging
 17533 | D:14     | Noticed Agnes
 17549 | D:14     | Killed Agnes
 17564 | D:14     | Noticed Rupert
 17597 | D:14     | Killed Rupert
 17772 | D:14     | Found Igeujid's General Store.
 17785 | D:14     | Bought a +0 large shield for 67 gold pieces
 18035 | D:14     | Noticed Nessos
 18040 | D:14     | Killed Nessos
 18320 | D:15     | Entered Level 15 of the Dungeon
 18426 | D:15     | Noticed Sonja
 18445 | D:15     | Killed Sonja
 18579 | D:15     | Reached XP level 15. HP: 107/134 MP: 14/14
 18645 | D:15     | Found a staircase to the Depths.
 18855 | D:15     | Found Owkeagge's Assorted Antiques.
 19199 | Lair:6   | Entered Level 6 of the Lair of Beasts
 19257 | Lair:6   | Found a labyrinth entrance.
 19268 | Lab      | Entered a labyrinth
 20992 | Orc:1    | Entered Level 1 of the Orcish Mines
 20995 | Orc:1    | Noticed Erica
 21001 | Orc:1    | Noticed an orc warlord
 21009 | Orc:1    | Killed Erica
 21175 | Orc:1    | Found a roughly hewn altar of Beogh.
 21343 | Orc:1    | Noticed Urug
 21354 | Orc:1    | Killed Urug
 21376 | Orc:1    | Noticed Josephine
 21387 | Orc:1    | Killed Josephine
 21387 | Orc:1    | Reached skill level 1 in Invocations
 21444 | Orc:1    | Found a burning altar of Makhleb.
 21640 | Orc:2    | Entered Level 2 of the Orcish Mines
 21728 | Orc:2    | Noticed an orc warlord
 21752 | Orc:2    | Killed an orc warlord
 21827 | Orc:2    | Noticed Donald
 21848 | Orc:2    | Killed Donald
 21870 | Orc:2    | Noticed Maurice
 21876 | Orc:2    | Killed Maurice
 22012 | Orc:2    | Found a staircase to the Elven Halls.
 22022 | Orc:2    | Reached XP level 16. HP: 141/141 MP: 18/18
 22122 | Orc:2    | Reached skill level 5 in Invocations
 22176 | Orc:2    | Found Mapask's Magic Scroll Shoppe.
 22176 | Orc:2    | Found Vaeck's Book Shop.
 22216 | Orc:2    | Found Zubuil's Magic Scroll Shoppe.
 22216 | Orc:2    | Found Bamadgh's Antique Weapon Shop.
 22222 | Orc:2    | Bought a scroll of blinking for 105 gold pieces
 22222 | Orc:2    | Bought a scroll of torment for 105 gold pieces
 22614 | Swamp:1  | Entered Level 1 of the Swamp
 22665 | Swamp:1  | Noticed a thorn hunter
 22683 | Swamp:1  | Killed a thorn hunter
 22704 | Swamp:1  | Got a scintillating steel ring
 22705 | Swamp:1  | Identified the ring "Buydd" {*Tele Dex+2} (You found it on level 1 of the Swamp)
 23387 | Swamp:2  | Noticed Jorgrun
 23404 | Swamp:2  | Killed Jorgrun
 23412 | Swamp:2  | Noticed Frances
 23428 | Swamp:2  | Killed Frances
 23920 | Swamp:3  | Reached skill level 10 in Invocations
 24580 | Swamp:4  | Entered Level 4 of the Swamp
 24580 | Swamp:4  | Noticed a thorn hunter
 24737 | Swamp:4  | Killed a thorn hunter
 24879 | Swamp:4  | Noticed a thorn hunter
 24947 | Swamp:4  | Killed a thorn hunter
 25005 | Swamp:4  | Noticed Louise
 25023 | Swamp:4  | Killed Louise
 25209 | Swamp:4  | Reached XP level 17. HP: 144/148 MP: 24/24
 25219 | Swamp:4  | Got a decaying rune of Zot
 25252 | Swamp:4  | Reached skill level 16 in Shields
 25929 | Spider:1 | Entered Level 1 of the Spider Nest
 26201 | Spider:1 | Reached skill level 17 in Shields
 26849 | Spider:2 | Reached skill level 18 in Shields
 27005 | Spider:2 | Got a brightly glowing ring mail
 27016 | Spider:2 | Identified the cursed +0 ring mail of the Greedy {rElec Int+2} (You found it on level 2 of the Spider Nest)
 27683 | Spider:3 | Reached skill level 19 in Shields
 27808 | Spider:4 | Entered Level 4 of the Spider Nest
 28358 | Spider:4 | Reached skill level 20 in Shields
 28365 | Spider:4 | Reached XP level 18. HP: 138/156 MP: 1/25
 28569 | Spider:4 | Got a gossamer rune of Zot
 29108 | Vaults:1 | Entered Level 1 of the Vaults
 29949 | Vaults:1 | Reached skill level 15 in Fighting
 30977 | Vaults:2 | Noticed a bone dragon
 31005 | Vaults:2 | Killed a bone dragon
 31055 | Vaults:2 | Found a staircase to the Crypt.
 31081 | Vaults:2 | Reached XP level 19. HP: 174/174 MP: 26/26
 31187 | Vaults:2 | Found Qumenoj's Armour Boutique.
 31195 | Vaults:2 | Bought a +2 pair of boots of running for 871 gold pieces
 31465 | Vaults:2 | Found a portal to a secret trove of treasure.
 31771 | Vaults:3 | Noticed a Brimstone Fiend
 31810 | Vaults:3 | Found a ruined gateway.
 31819 | Desolati | Entered the Desolation of Salt
 32350 | Desolati | Got a warped sapphire amulet
 32355 | Desolati | Identified the amulet "Qynyot" {Inacc rPois Str+3 Dex-3} (You found it in the Desolation of Salt)
 32627 | Desolati | Got a glittering turquoise ring
 32634 | Desolati | Identified the Compendium of Love and Death
 32636 | Desolati | Identified Sif Muna's Volume of Ashen Conjuration
 32646 | Desolati | Identified the ring "Degiyc" {rF+ MP+9 Dex+3 Stlth+} (You found it in the Desolation of Salt)
 32828 | Desolati | Got a bound bone ring
 32855 | Desolati | Identified the ring of False Pretenses {Ice *Drain rN++ Stlth+} (You found it in the Desolation of Salt)
 32916 | Desolati | Reached skill level 15 in Dodging
 33094 | Vaults:3 | Noticed a lich
 33107 | Vaults:3 | Reached skill level 15 in Armour
 33120 | Vaults:3 | Killed a lich
 34553 | Vaults:3 | Reached XP level 20. HP: 151/187 MP: 27/27
 35096 | Vaults:4 | Noticed Margery
 35129 | Vaults:4 | Killed Margery
 35429 | Vaults:4 | Found Meicrydgh's Gadget Shoppe.
 35821 | Vaults:5 | Entered Level 5 of the Vaults
 36080 | Vaults:5 | Noticed a golden dragon
 36128 | Vaults:5 | Killed a golden dragon
 36245 | Vaults:5 | Noticed Frederick
 36274 | Vaults:5 | HP: 9/187 [quicksilver dragon/bolt of dispelling energy (27)]
 36274 | Vaults:5 | Hit by a large rock thrown by a stone giant

Skill      XL: |  1  2  3  4  5  6  7  8  9 10 11 12 13 14 15 16 17 18 19 20 |
---------------+-------------------------------------------------------------+-----
Fighting       | 4 5 7 8 9 11 12 16 18 | 18.0
Axes           | 3 4 5 6 8 9 10 14 16 18 | 18.0
Shields        | 4 7 11 15 20 | 20.9
Dodging        | 3 6 8 13 14 16 18 | 18.2
Armour         | 6 10 13 16 18 | 18.4
Invocations    | 4 11 | 11.8

Action                   |  1- 3 |  4- 6 |  7- 9 | 10-12 | 13-15 | 16-18 | 19-21 || total
-------------------------+-------+-------+-------+-------+-------+-------+-------++-------
Melee: War axe           |    83 |   148 |   227 |   830 |   626 |       |       ||  1914
       Headbutt          |    12 |    21 |    45 |   211 |   367 |   407 |   353 ||  1416
       Morningstar       |       |       |       |     8 |    32 |    47 |       ||    87
       Broad axe         |       |       |       |       |   744 |  1427 |  1074 ||  3245
Invok: Greater Healing   |       |       |       |       |     2 |     2 |     5 ||     9
 Abil: Evoke Flight      |       |       |       |       |       |     1 |       ||     1
Evoke: Wand              |       |       |       |     6 |       |       |       ||     6
  Use: Scroll            |       |    12 |     2 |     5 |     9 |     6 |    12 ||    46
       Potion            |       |     1 |    11 |     6 |     8 |     2 |     6 ||    34
 Stab: Confused          |       |       |       |       |       |     3 |       ||     3
       Invisible         |       |       |       |       |       |    11 |       ||    11
  Eat: Chunk             |       |     8 |     5 |    19 |    21 |    27 |    19 ||    99
       Meat ration       |       |       |     1 |     1 |     2 |     1 |       ||     5
       Royal jelly       |       |       |       |     1 |       |       |       ||     1
Armor: Scale mail        |    27 |    67 |    54 |   251 |   363 |   505 |   159 ||  1426
Dodge: Dodged            |    27 |    53 |    91 |   352 |   585 |   876 |   356 ||  2340
Block: Shield            |    44 |    88 |   142 |   588 |   872 |   701 |       ||  2435
       Reflection        |       |       |       |       |       |     8 |       ||     8
       Large shield      |       |       |       |       |       |   486 |   928 ||  1414
